Cogmind - Beta 14 @@@ ROGUE MODE // 2024.09.26 @ 12:57:22 Player: Necroptosis Result: Destroyed by G-73 Enforcer with Phase Gun Performance ------------- Evolutions (8) 4000 Regions Visited (11) 2200 Robots Destroyed (0) 0 Value Destroyed (0) 0 Prototype IDs (0) 0 Alien Tech Used (0) 0 Bonus (5349) 5349 TOTAL SCORE: 11549 Bonus ------- Pacifist 5049 Registered with UFD 300 Cogmind --------- Core Integrity 0/1450 Matter 80/300 Energy 98/100 System Corruption 3% Temperature Cool (18) Movement Core (50) Location -2/Research Parts ------- > --- POWER (1) -------- (None) > --- PROPULSION (2) --- (None) > --- UTILITY (18) ----- Advanced Melee Analysis Suite > --- WEAPON (2) ------- (None) > --- INVENTORY (5) ---- (None) Peak State ------------ > --- POWER ------------ (None) > --- PROPULSION ------- (None) > --- UTILITY ---------- Advanced System Shield > --- WEAPON ----------- Spear > --- INVENTORY -------- (None) [Rating: 10] Favorites ----------- Power None Propulsion None Utility Advanced Melee Analysis Suite Processor Advanced Melee Analysis Suite Hackware Advanced System Shield Weapon Spear Slashing Weapon Power Sword Piercing Weapon Spear Build | -11 -10 -9 -8 -7 -7 -7 -7 -5 -4 -3 -2 ------- Run | Yrd Mat Mat Mat Fac Sto Rec Scr Fac Fac Res Res Slots Evolved 16 | . . 2 2 2 . . . 4 2 2 2 Power . | . . . . . . . . . . . . Propulsion . | . . . . . . . . . . . . Utility 16 | . . 2 2 2 . . . 4 2 2 2 Weapon . | . . . . . . . . . . . . Parts Attached 5 | . . . . . . . . 2 2 1 . Power . | . . . . . . . . . . . . Engine . | . . . . . . . . . . . . Core . | . . . . . . . . . . . . Reactor . | . . . . . . . . . . . . Propulsion . | . . . . . . . . . . . . Treads . | . . . . . . . . . . . . Leg . | . . . . . . . . . . . . Wheel . | . . . . . . . . . . . . Hover . | . . . . . . . . . . . . Flight . | . . . . . . . . . . . . Utility 2 | . . . . . . . . 1 . 1 . Device . | . . . . . . . . . . . . Storage . | . . . . . . . . . . . . Processor 1 | . . . . . . . . . . 1 . Hackware 1 | . . . . . . . . 1 . . . Protection . | . . . . . . . . . . . . Artifact . | . . . . . . . . . . . . Weapon 3 | . . . . . . . . 1 2 . . Energy Gun . | . . . . . . . . . . . . Energy Cannon . | . . . . . . . . . . . . Ballistic Gun . | . . . . . . . . . . . . Ballistic Cannon . | . . . . . . . . . . . . Launcher . | . . . . . . . . . . . . Special Weapon . | . . . . . . . . . . . . Impact Weapon . | . . . . . . . . . . . . Slashing Weapon 1 | . . . . . . . . . 1 . . Piercing Weapon 2 | . . . . . . . . 1 1 . . Special Melee Weapon . | . . . . . . . . . . . . Unidentified Prototypes . | . . . . . . . . . . . . Parts Lost 2 | . . . . . . . . . 1 . 1 Power . | . . . . . . . . . . . . Propulsion . | . . . . . . . . . . . . Utility . | . . . . . . . . . . . . Weapon 2 | . . . . . . . . . 1 . 1 Highest Loss Streak 1 | . . . . . . . . . 1 . 1 To Critical Strikes . | . . . . . . . . . . . . Average Slot Usage (%) 3 | . . . . . . . . 5 7 4 5 Slashing Weapon 1 | . . . . . . . . . . 4 1 Piercing Weapon 1 | . . . . . . . . 5 4 . . Peak Build Rating 10 | . . . . . . . . 10 10 10 10 Average Rating 3 | . . . . . . . . 5 7 5 7 On Entrance 2 | . . . . . . . . . 10 5 10 Naked Turns 486 | . 46 48 58 44 92 99 87 5 7 . . Heaviest Build 3 | . . . . . . . . 2 3 3 3 Greatest Support 3 | 3 3 3 3 3 3 3 3 3 3 3 3 Greatest Overweight (x) . | . . . . . . . . . . . . Average Overweight (x) . | . . . . . . . . . . . . Largest Inventory Capacity 5 | 5 5 5 5 5 5 5 5 5 5 5 5 Average Capacity 5 | 5 5 5 5 5 5 5 5 5 5 5 5 Most Carried . | . . . . . . . . . . . . Average Carried . | . . . . . . . . . . . . Final Capacity 5 | 5 5 5 5 5 5 5 5 5 5 5 5 Final Carried . | . . . . . . . . . . . . Class Distribution -------------------- 100% | Mutant Dominant Class ---------------- Mutant | -10/Materials Mutant | -9/Materials Mutant | -8/Materials Mutant | -7/Factory Mutant | -7/Storage Mutant | -7/Recycling Mutant | -7/Scraptown Mutant | -5/Factory Mutant | -4/Factory Mutant | -3/Research Mutant | -2/Research Resources | -11 -10 -9 -8 -7 -7 -7 -7 -5 -4 -3 -2 ----------- Run | Yrd Mat Mat Mat Fac Sto Rec Scr Fac Fac Res Res Matter Collected 3 | . . . . . . . . . 3 . . Remotely . | . . . . . . . . . . . . Salvage Created . | . . . . . . . . . . . . Parts . | . . . . . . . . . . . . Haulers Intercepted . | . . . . . . . . . . . . Recyclers Shooed . | . . . . . . . . . . . . Parts Field Recycled . | . . . . . . . . . . . . Retrieved Matter . | . . . . . . . . . . . . Parts Self-Destructed . | . . . . . . . . . . . . Prevented . | . . . . . . . . . . . . Kills | -11 -10 -9 -8 -7 -7 -7 -7 -5 -4 -3 -2 ------- Run | Yrd Mat Mat Mat Fac Sto Rec Scr Fac Fac Res Res Combat Hostiles Destroyed . | . . . . . . . . . . . . Classes Destroyed . | . . . . . . . . . . . . Best Kill Streak . | . . . . . . . . . . . . Combat Bots Only . | . . . . . . . . . . . . Max Kills in Single Turn . | . . . . . . . . . . . . Gunslinging . | . . . . . . . . . . . . Exploded . | . . . . . . . . . . . . Melee . | . . . . . . . . . . . . Uniques/NPCs Destroyed . | . . . . . . . . . . . . Combat | -11 -10 -9 -8 -7 -7 -7 -7 -5 -4 -3 -2 -------- Run | Yrd Mat Mat Mat Fac Sto Rec Scr Fac Fac Res Res Hostile Shots Fired 456 | . 6 35 4 45 132 . . 10 40 6 178 Missed 229 | . 5 16 1 21 69 . . 5 16 5 91 Damage Taken 3077 | . 6 167 45 160 502 . . 117 520 30 1530 Core 2936 | . 6 167 45 160 502 . . 117 457 28 1454 Absorbed by Shields . | . . . . . . . . . . . . Core Remaining (%) 74 | 100 97 58 91 . . . 5 88 60 97 . Volleys Fired . | . . . . . . . . . . . . Largest . | . . . . . . . . . . . . Hottest . | . . . . . . . . . . . . Shots Fired . | . . . . . . . . . . . . Gun . | . . . . . . . . . . . . Cannon . | . . . . . . . . . . . . Launcher . | . . . . . . . . . . . . Special . | . . . . . . . . . . . . Kinetic . | . . . . . . . . . . . . Thermal . | . . . . . . . . . . . . Explosive . | . . . . . . . . . . . . Electromagnetic . | . . . . . . . . . . . . Robot Hit Streak . | . . . . . . . . . . . . Robot Miss Streak . | . . . . . . . . . . . . Penetration Max . | . . . . . . . . . . . . Secondary Targets . | . . . . . . . . . . . . Shots Hit Robots 1 | . . . . . . . . . . 1 . Core Hits . | . . . . . . . . . . . . Critical Kills . | . . . . . . . . . . . . Critical Parts Destroyed . | . . . . . . . . . . . . Critical Strikes . | . . . . . . . . . . . . Melee Attacks 13 | . . . . . . . . 2 . 8 3 Impact . | . . . . . . . . . . . . Slashing 11 | . . . . . . . . . . 8 3 Piercing 2 | . . . . . . . . 2 . . . Sneak Attacks . | . . . . . . . . . . . . Combat Hostiles . | . . . . . . . . . . . . Follow-up Attacks . | . . . . . . . . . . . . Damage Inflicted 63 | . . . . . 3 . . . . 48 12 Guns . | . . . . . . . . . . . . Cannons . | . . . . . . . . . . . . Explosions . | . . . . . . . . . . . . Melee 43 | . . . . . . . . . . 43 . Ramming 20 | . . . . . 3 . . . . 5 12 Kinetic . | . . . . . . . . . . . . Thermal . | . . . . . . . . . . . . Explosive . | . . . . . . . . . . . . Electromagnetic . | . . . . . . . . . . . . Impact . | . . . . . . . . . . . . Slashing 43 | . . . . . . . . . . 43 . Piercing . | . . . . . . . . . . . . Highest Corruption 3 | . 1 . . . . . . . 1 . 3 Average Corruption 1 | . 1 . . . . . . . 1 . 1 Corruption Purged . | . . . . . . . . . . . . Corruption Blocked . | . . . . . . . . . . . . Effects 1 | . . . . . . . . . . . 1 Data Loss (minor) 1 | . . . . . . . . . . . 1 Overload Shots . | . . . . . . . . . . . . Overflow Damage . | . . . . . . . . . . . . Projectiles . | . . . . . . . . . . . . Explosions . | . . . . . . . . . . . . Melee . | . . . . . . . . . . . . Knockbacks . | . . . . . . . . . . . . Impact . | . . . . . . . . . . . . Kinetic . | . . . . . . . . . . . . Secondary . | . . . . . . . . . . . . Self-Inflicted Damage 9 | . . . . . 1 . . . . 2 6 Shots . | . . . . . . . . . . . . Rammed 6 | . . 1 . . 3 . . . . 1 1 Targets Rammed 6 | . . 1 . . 3 . . . . 1 1 Kicked . | . . . . . . . . . . . . Crushed . | . . . . . . . . . . . . Highest Temperature . | . . . . . . . . . . . . Average Temperature . | . . . . . . . . . . . . Received Heat Transfer 420 | . . 36 27 30 171 . . 27 66 9 54 Siege Activations . | . . . . . . . . . . . . Robots Corrupted . | . . . . . . . . . . . . Combat Hostiles . | . . . . . . . . . . . . Parts Fried . | . . . . . . . . . . . . Impact Corruptions . | . . . . . . . . . . . . Robots Melted . | . . . . . . . . . . . . Combat Hostiles . | . . . . . . . . . . . . Parts Melted . | . . . . . . . . . . . . Heat Transferred . | . . . . . . . . . . . . Parts Sabotaged . | . . . . . . . . . . . . Parts Stolen . | . . . . . . . . . . . . Parts Stripped . | . . . . . . . . . . . . Power Chain Reactions . | . . . . . . . . . . . . Alert | -11 -10 -9 -8 -7 -7 -7 -7 -5 -4 -3 -2 ------- Run | Yrd Mat Mat Mat Fac Sto Rec Scr Fac Fac Res Res Peak Influence 291 | . . 60 55 35 165 64 . 103 110 126 291 Initial 70 | . . . 25 20 15 64 . . 50 52 70 Average 71 | . . 17 44 26 83 64 . 55 69 86 144 Maximum Alert Level 1 | . . . . . . . . . . . 1 Low Security (%) 96 | 100 100 100 100 100 100 100 . 100 100 100 66 Level 1 3 | . . . . . . . . . . . 33 Level 2 . | . . . . . . . . . . . . Level 3 . | . . . . . . . . . . . . Level 4 . | . . . . . . . . . . . . Level 5 . | . . . . . . . . . . . . High Security . | . . . . . . . . . . . . Max Security . | . . . . . . . . . . . . Squads Dispatched 8 | . . 2 1 . 2 . . . 1 . 2 Investigation 1 | . . . . . . . . . 1 . . Extermination . | . . . . . . . . . . . . Reinforcement 7 | . . 2 1 . 2 . . . . . 2 Assault . | . . . . . . . . . . . . Garrison . | . . . . . . . . . . . . Intercept . | . . . . . . . . . . . . Searches Triggered . | . . . . . . . . . . . . Construction Impeded . | . . . . . . . . . . . . Haulers Reinforced . | . . . . . . . . . . . . Active Scanning Responses . | . . . . . . . . . . . . Cargo Convoy Interrupts . | . . . . . . . . . . . . Stealth | -11 -10 -9 -8 -7 -7 -7 -7 -5 -4 -3 -2 --------- Run | Yrd Mat Mat Mat Fac Sto Rec Scr Fac Fac Res Res Distress Signals 6 | . . 1 . . 1 . . . 2 . 2 Communications Jammed . | . . . . . . . . . . . . Distress Signals . | . . . . . . . . . . . . Times Spotted 76 | . 4 9 5 1 15 . . 2 12 5 23 Peak Tracking Total 14 | . 4 7 3 1 14 . . 3 8 3 13 Tactical Retreats 8 | . . 1 . . 1 . . 1 1 1 3 Traps | -11 -10 -9 -8 -7 -7 -7 -7 -5 -4 -3 -2 ------- Run | Yrd Mat Mat Mat Fac Sto Rec Scr Fac Fac Res Res Traps Triggered 5 | . 1 . . . . . . . 2 2 . Indirectly . | . . . . . . . . . . . . Trap Hack Attempts . | . . . . . . . . . . . . Triggered . | . . . . . . . . . . . . Disarmed . | . . . . . . . . . . . . Reprogrammed . | . . . . . . . . . . . . Reused . | . . . . . . . . . . . . Traps Extracted . | . . . . . . . . . . . . Installed . | . . . . . . . . . . . . Triggered . | . . . . . . . . . . . . Machines | -11 -10 -9 -8 -7 -7 -7 -7 -5 -4 -3 -2 ---------- Run | Yrd Mat Mat Mat Fac Sto Rec Scr Fac Fac Res Res Machines Disabled . | . . . . . . . . . . . . Max in Single Turn . | . . . . . . . . . . . . Machines Repaired . | . . . . . . . . . . . . Machines Dismantled . | . . . . . . . . . . . . Machines Sabotaged . | . . . . . . . . . . . . Overloaded Fab Kills . | . . . . . . . . . . . . Hacking | -11 -10 -9 -8 -7 -7 -7 -7 -5 -4 -3 -2 --------- Run | Yrd Mat Mat Mat Fac Sto Rec Scr Fac Fac Res Res Machines Accessed 7 | . . . 1 . 1 . . 2 3 . . Terminals 7 | . . . 1 . 1 . . 2 3 . . Fabricators . | . . . . . . . . . . . . Repair Stations . | . . . . . . . . . . . . Recycling Units . | . . . . . . . . . . . . Scanalyzers . | . . . . . . . . . . . . Garrison Access . | . . . . . . . . . . . . Total Hacks 17 | . . . 1 . 2 . . 8 6 . . Successful 2 | . . . 1 . . . . 1 . . . Failed 15 | . . . . . 2 . . 7 6 . . Catastrophic 8 | . . . . . 1 . . 1 6 . . Database Lockouts . | . . . . . . . . . . . . Manual 17 | . . . 1 . 3 . . 7 6 . . Terminals 17 | . . . 1 . 2 . . 8 6 . . Fabricators . | . . . . . . . . . . . . Repair Stations . | . . . . . . . . . . . . Recycling Units . | . . . . . . . . . . . . Scanalyzers . | . . . . . . . . . . . . Garrison Access . | . . . . . . . . . . . . Terminal Hacks 1 | . . . . . . . . 1 . . . Level Access Points 1 | . . . . . . . . 1 . . . Fabricator Hacks . | . . . . . . . . . . . . Repair Station Hacks . | . . . . . . . . . . . . Recycling Unit Hacks . | . . . . . . . . . . . . Scanalyzer . | . . . . . . . . . . . . Garrison Access Hacks . | . . . . . . . . . . . . Unauthorized Hacks 1 | . . . 1 . . . . . . . . Terminals 1 | . . . 1 . . . . . . . . Assimilate 1 | . . . 1 . . . . . . . . Fabricators . | . . . . . . . . . . . . Repair Stations . | . . . . . . . . . . . . Recycling Units . | . . . . . . . . . . . . Scanalyzers . | . . . . . . . . . . . . Garrison Access . | . . . . . . . . . . . . Data Cores Recovered . | . . . . . . . . . . . . Used . | . . . . . . . . . . . . Hacking Detections 6 | . . . . . 1 . . 2 3 . . Full Trace Events 1 | . . . . . . . . . 1 . . Feedback Events . | . . . . . . . . . . . . Feedback Blocked . | . . . . . . . . . . . . Robot Schematics Acquired . | . . . . . . . . . . . . Robots Built . | . . . . . . . . . . . . Authchips . | . . . . . . . . . . . . Time . | . . . . . . . . . . . . Total Robot Build Rating . | . . . . . . . . . . . . Part Schematics Acquired . | . . . . . . . . . . . . Parts Built . | . . . . . . . . . . . . Authchips . | . . . . . . . . . . . . Time . | . . . . . . . . . . . . Total Part Build Rating . | . . . . . . . . . . . . Parts Repaired . | . . . . . . . . . . . . Time . | . . . . . . . . . . . . Parts Recycled . | . . . . . . . . . . . . Recycled Matter . | . . . . . . . . . . . . Retrieved Matter . | . . . . . . . . . . . . Retrieved Components . | . . . . . . . . . . . . Parts Scanalyzed . | . . . . . . . . . . . . Part Schematics Acquired . | . . . . . . . . . . . . Parts Damaged . | . . . . . . . . . . . . Bothacking | -11 -10 -9 -8 -7 -7 -7 -7 -5 -4 -3 -2 ------------ Run | Yrd Mat Mat Mat Fac Sto Rec Scr Fac Fac Res Res Used RIF Installer . | . . . . . . . . . . . . Robots Hacked . | . . . . . . . . . . . . Non-combat . | . . . . . . . . . . . . Combat . | . . . . . . . . . . . . Robot Hacks Applied . | . . . . . . . . . . . . Relay Couplers Released . | . . . . . . . . . . . . Fabnet Peak Effective % . | . . . . . . . . . . . . Robots Rewired . | . . . . . . . . . . . . Allies Hacked . | . . . . . . . . . . . . Hacks Repelled . | . . . . . . . . . . . . Allies | -11 -10 -9 -8 -7 -7 -7 -7 -5 -4 -3 -2 -------- Run | Yrd Mat Mat Mat Fac Sto Rec Scr Fac Fac Res Res Total Allies 1 | . . . 1 . . . . . . . . Largest Group 1 | . . . 1 . . . . . . . . Highest-Rated Group 10 | . . . 10 . . . . . . . . Highest-Rated Ally 10 | . . . 10 . . . . . . . . Total Orders . | . . . . . . . . . . . . Ally Attacks . | . . . . . . . . . . . . Total Damage . | . . . . . . . . . . . . Kills . | . . . . . . . . . . . . Allies Corrupted . | . . . . . . . . . . . . Allies Melted . | . . . . . . . . . . . . Intel | -11 -10 -9 -8 -7 -7 -7 -7 -5 -4 -3 -2 ------- Run | Yrd Mat Mat Mat Fac Sto Rec Scr Fac Fac Res Res Robot Analysis Total . | . . . . . . . . . . . . Derelict Logs Recovered . | . . . . . . . . . . . . Drone Launches . | . . . . . . . . . . . . Drone Recoveries . | . . . . . . . . . . . . Exploration | -11 -10 -9 -8 -7 -7 -7 -7 -5 -4 -3 -2 ------------- Run | Yrd Mat Mat Mat Fac Sto Rec Scr Fac Fac Res Res Turns Passed 1196 | 9 46 48 58 44 92 99 87 195 182 204 132 Spaces Moved 2224 | 18 92 94 116 82 169 198 174 373 357 304 247 Core 2224 | 18 92 94 116 82 169 198 174 373 357 304 247 Treads . | . . . . . . . . . . . . Legs . | . . . . . . . . . . . . Wheels . | . . . . . . . . . . . . Hover . | . . . . . . . . . . . . Flight . | . . . . . . . . . . . . Fastest Speed 50 | 50 50 50 50 50 50 50 50 50 50 50 50 Average Speed 50 | 50 50 50 50 50 50 50 50 50 50 50 50 Slowest Speed 50 | 50 50 50 50 50 50 50 50 50 50 50 50 Overloaded Moves . | . . . . . . . . . . . . Propulsion Burnouts . | . . . . . . . . . . . . Robots Hopped . | . . . . . . . . . . . . Cave-ins Triggered . | . . . . . . . . . . . . Exploration Rate (%) 19 | 3 19 14 20 4 39 38 29 11 17 20 14 Regions Visited 11 Branch Regions 3 Pre-discovered Areas . | . . . . . . . . . . . . Known Exits Taken 1 | . . . . . . . . 1 . . . Unknown Exits Taken 10 | 1 1 1 1 1 1 1 1 . 1 1 . Scrap Searched . | . . . . . . . . . . . . Spaces Dug 11 | . . . . . . . . 2 . 7 2 Terrain Destroyed 11 | . . . . . . . . 2 . 7 2 Melee 11 | . . . . . . . . 2 . 7 2 Projectile . | . . . . . . . . . . . . AOE . | . . . . . . . . . . . . Terrain Rammed . | . . . . . . . . . . . . Walls Destroyed . | . . . . . . . . . . . . Machines Disabled . | . . . . . . . . . . . . Actions | -11 -10 -9 -8 -7 -7 -7 -7 -5 -4 -3 -2 --------- Run | Yrd Mat Mat Mat Fac Sto Rec Scr Fac Fac Res Res Total 2274 | 17 91 94 115 84 175 197 173 376 358 343 251 Wait 7 | . . . . 3 4 . . . . . . Move 2214 | 17 91 93 115 81 168 197 173 372 356 304 247 Hop . | . . . . . . . . . . . . Pick Up . | . . . . . . . . . . . . Fast Attach 5 | . . . . . . . . 2 2 1 . Attach . | . . . . . . . . . . . . Detach . | . . . . . . . . . . . . Swap . | . . . . . . . . . . . . Drop . | . . . . . . . . . . . . Fire . | . . . . . . . . . . . . Melee 13 | . . . . . . . . 2 . 8 3 Ram 5 | . . 1 . . 3 . . . . . 1 Kick . | . . . . . . . . . . . . Crush . | . . . . . . . . . . . . Escape Stasis 30 | . . . . . . . . . . 30 . Rewire . | . . . . . . . . . . . . Trap . | . . . . . . . . . . . . Miscellaneous . | . . . . . . . . . . . . Route ------- -11/Scrapyard -10/Materials -9/Materials -8/Materials -7/Factory -7/Storage -7/Recycling -7/Scraptown -5/Factory (discovered 4 exits: *Fac x4) -4/Factory -3/Research -2/Research History --------- Turn | Location | Event 2 | -11/Scrapyard | Met Revision 17 3 | -11/Scrapyard | Discovered new exit (range 14) 10 | -11/Scrapyard | Entered Materials 49 | -10/Materials | Discovered new exit (range 15) 56 | -10/Materials | Entered another Materials area 56 | -9/Materials | Evolved 2 slots: Utility x2 97 | -9/Materials | Discovered new exit (range 16) 104 | -9/Materials | Entered another Materials area 104 | -8/Materials | Evolved 2 slots: Utility x2 156 | -8/Materials | Discovered new exit (range 14) 162 | -8/Materials | Entered Factory 162 | -7/Factory | Evolved 2 slots: Utility x2 199 | -7/Factory | Discovered new exit (range 11) 206 | -7/Factory | Entered Storage 259 | -7/Storage | Core integrity fell below 50% 265 | -7/Storage | Core integrity fell below 20% 296 | -7/Storage | Used back door to open Recycling access 296 | -7/Storage | Discovered new exit (range 5) 298 | -7/Storage | Entered Recycling 305 | -7/Recycling | Build established: Mutant 386 | -7/Recycling | Scanned before Scraplab entrance 393 | -7/Recycling | Entered Scraplab 397 | -7/Recycling | Discovered new exit (range 2) 397 | -7/Recycling | Entered Scraptown 434 | -7/Scraptown | Visited UFD Registry 434 | -7/Scraptown | Registered with UFD as "Novaslider" 482 | -7/Scraptown | Discovered new exit (range 5) 484 | -7/Scraptown | Entered Factory 484 | -5/Factory | Evolved 4 slots: Utility x4 666 | -5/Factory | Identified exit to Factory 679 | -5/Factory | Entered another Factory area 679 | -4/Factory | Evolved 2 slots: Utility x2 821 | -4/Factory | Spotted B-86 Titan 855 | -4/Factory | Discovered new exit (range 14) 861 | -4/Factory | Entered Research 861 | -3/Research | Evolved 2 slots: Utility x2 1056 | -3/Research | Discovered new exit (range 14) 1065 | -3/Research | Entered another Research area 1065 | -2/Research | Evolved 2 slots: Utility x2 1077 | -2/Research | Spotted B-90 Cyclops 1167 | -2/Research | Core integrity fell below 50% 1190 | -2/Research | Core integrity fell below 20% 1197 | -2/Research | Destroyed by G-73 Enforcer with Phase Gun Last Messages --------------- 01175_ Fabricator disabled. 01178_ Slug penetrates Fabricator. 01181_ Penetrated by Slug. 01184_ O-16 Technician: "IFF HANDSHAKE FAILED. SECURING TERMINAL." 01184_ Slug penetrates Wall. 01185_ Knocked back. 01187_ System corrupted: Component data lost. 01191_ Knocked back. 01191_ T-07 Excavator knocked back. 01191_ Knocked back. 01191_ O-16 Technician uses terminal to summon reinforcements. 01191_ ALERT: Hostiles spotted, dispatching reinforcements to Terminal R001. 01191_ O-16 Technician locks terminal. 01195_ T-07 Excavator destroyed. 01195_ O-16 Technician destroyed. 01196_ Terminal disabled. 01197_ K-01 Serf collects debris. Map ----- +----------------------------------------------------+ | ?????????????????????# #????##???####### | | ?????????????????????# #???????????????# | | ?????????????????????# ########???????????????# | | ?????????????????????# #??????????????????????# | | ?????????????????????# #??????????????????????# | | ?????????????????????# #??????????????????????# | | ?????????????????????# #??????????????????????+ | | ?????????????????????# #??????????????????????# | | ?????????????????????# #??????????????????????# | | ????????????????????## #???????????############ | | ????????????????????# #????????#??# | | ????????????????????#T #?????? #??# | | ???????????? ??????##u #???? #??# | | ???????????? ??????# %#?? ""#??# | | ??????????? ?????#w =# ""#??# | | ??????????? ]] ????# + G#??# | | ?????????? ]= ???# # ""#??# | | ?????????? ]= ??# #?? ""#??# | | ?????????? u ###A #???? #??# | | ????????? g #?????? #??############ | | ?????????? g! #????????#?????????????? | | ??????????? """ =%= #???????????????######?? | | ????????????""" #???????????????# | | ????????????""" #???????????????#! *! | | ???????? #???????????????# !! | | ???????? ^ @#???????????????######## | | ????????? k ???????????????# | | ????????? """ ?????????????# | | ?????????????"" ???????????# | | ?????????????"" ?????????# ] | | ????????????? g #????????# [ | | ???????????? g k #????????# | | ??????????? k #?????########## | | ???????????? g #?????# # | | ????????????+##g #?????# # | | ??????????????# R #?????# # | | ??????????????# k #?????# # | | ???????????????? [ #?????# " # | | ?????????????????? ???????# " # | | ?????????????????? ########??###??# " + | | ?????????????????? #### #### # | | ????????????????? # # # | | ????????????????? # ###+###### | | ???????????????? # !! ### | | ???????????????? + ! + | | ???????????????? # ### | | ???????????????? #########?# | | ???????????????? #????????#### ### | | ??????????????? #????????????+#?? | | ??????????????? #???????????????? | +----------------------------------------------------+ Best States ------------- Heat Dissipation 49 Energy Generation 5 Energy Capacity 100 Matter Stores 111 Matter Capacity 300 Sight Range 16 Terrain Scan Density 10 Evasion (%) 50 Melee Accuracy 8 Defensive Hacking 14 Item Schematics ----------------- None Robot Schematics ------------------ None Fabricated ------------ Nothing Alien Tech Used ----------------- None Achievements -------------- None Challenges ------------ None Game ------ Seed SupersonicCompanionChip Manual? 0 Play Time 00:15:09 Cumulative 46.5 hours Start 2024.09.26 @ 12:40:28 End 2024.09.26 @ 12:57:22 Sessions 1 Manual Loads 0 Difficulty Rogue Special Mode None Game No. 59 Rogue 59 Adventurer 0 Explorer 0 Win Type - Total 1 Types 1/0/0/0/0/0/0/0/0 Lore% 34 Gallery% 47 Achievement% 51 Wizard Run 0 Options --------- Layout 1 ASCII 0 Keyboard 0 Movement Numpad Keybinds 0 Fullscreen 1 Font 20/SmallcapsGlow Map View 54x42 Zoom Use 0% Tactical HUD 1 Map Filters NONE Filters NONE Steam 1 RUN: 9eebd56e-b986-4fa7-ab17-958e676abbf1